 Dungeon Crawl Stone Soup version 0.30.1-4-g462c640d31 (webtiles) character file.

Game seed: 11130165132866863929

390 Cheops the Vexing (level 6, -1/32 HPs)
             Began as a Deep Elf Conjurer on Aug 26, 2023.
             Slain by an orc priest
             ... wielding a +0 flail
              (7 damage)
             ... on level 4 of the Dungeon.
             The game lasted 00:06:40 (3121 turns).

Cheops the Vexing (Deep Elf Conjurer)               Turns: 3121, Time: 00:06:40

Health: -1/32      AC:  2    Str:  4    XL:     6   Next: 50%
Magic:  5/15       EV: 12    Int: 25    God:
Gold:   157        SH:  0    Dex: 13    Spells: 1/15 levels left

rFire   . . .        a - +2 dagger (venom)
rCold   . . .        (no shield)
rNeg    . . .        n - +0 robe
rPois   .            (no helmet)
rElec   .            (no cloak)
rCorr   +            (no gloves)
SInv    .            (no boots)
Will    .....        m - amulet of reflection
Stlth   +            i - ring of flight
HPRegen 0.25/turn    o - ring of resist corrosion
MPRegen 0.14/turn

%: reflection
@: confused, flying
A: no striking features
a: no special abilities


You were on level 4 of the Dungeon.
You visited 1 branch of the dungeon, and saw 4 of its levels.

You collected 167 gold pieces.
You spent 10 gold pieces at shops.

Inventory:

Hand Weapons
 a - a +2 dagger of venom (weapon)
Missiles
 s - a throwing net
Armour
 n - a +0 robe (worn)
Jewellery
 i - a ring of flight (left hand)
 m - an amulet of reflection (around neck)
 o - a ring of resist corrosion (right hand)
Wands
 p - a wand of polymorph (5)
 x - a wand of quicksilver (10)
Scrolls
 d - a scroll of enchant armour {unknown}
 e - a scroll of poison {unknown}
 f - a scroll of noise {unknown}
 g - a scroll of enchant weapon {unknown}
 h - 2 scrolls of amnesia {unknown}
 j - 5 scrolls of identify {unknown}
 k - a scroll of acquirement {unknown}
 l - a scroll of blinking {unknown}
 r - 2 scrolls of teleportation {unknown}
 v - 2 scrolls of immolation {unknown}
Potions
 b - a potion of magic
 c - a potion of flight
 q - a potion of berserk rage {unknown}
 t - a potion of heal wounds {unknown}
 u - a potion of mutation {unknown}
 w - a potion of ambrosia {unknown}


   Skills:
 - Level 2.4 Dodging
 - Level 2.4 Stealth
 - Level 5.0 Spellcasting
 - Level 5.0 Conjurations
 + Level 7.2 Hexes


You had one spell level left.
You knew the following spells:

 Your Spells              Type           Power      Damage    Failure   Level
a - Magic Dart            Conj           100%       1d8       1%          1
b - Searing Ray           Conj           62%        2d6       1%          2
d - Dazzling Flash        Conj/Hex       72%        N/A       1%          3
i - Iskenderun's Mystic   Conj/Tloc      18%        2d6       28%         4
p - Fulminant Prism       Conj/Hex       18%        3d10      7%          4

Your spell library contained the following spells:

 Spells                   Type           Power      Damage    Failure   Level


Dungeon Overview and Level Annotations

Branches:
Dungeon (4/15)
 Temple: D:4-7

Altars:

Shops:
D:1 !

Annotations:
D:2 3 exclusions, Sigmund


Message History

The orc wizard casts a spell at you. The puff of flame misses you.
Casting: Searing Ray (safe; 1% risk of failure)
Confirm with . or Enter, or press ? or * to list all spells.
Aiming: Searing Ray (safe; 1% risk of failure)
Press: ? - help, Shift-Dir - straight line, f/p - orc wizard
Aim: an orc wizard, wielding a +0 dagger and wearing a +0 robe (almost dead, 74% to hit)
The searing ray hits the orc wizard!
You kill the orc wizard! (Press . to maintain the ray.)
The searing ray hits the orc!
You kill the orc!
An orc priest comes into view. It is wielding a +0 flail.
Something hits you.
You finish channelling your searing ray.
The orc priest shouts!
Something hits you but does no damage.
A magic dart appears from out of thin air!
The magic dart hits you.
A puff of flame appears from out of thin air!
The puff of flame hits you!
* * * LOW HITPOINT WARNING * * *
You are confused.
You bump into the stone wall.
A kobold comes into view.
It is wielding a +0 short sword and quivering poisoned darts.
The kobold shouts!
The orc priest hits you with a +0 flail.
* * * LOW HITPOINT WARNING * * *
You bump into the stone wall.
The orc priest barely misses you. Something hits you.
* * * LOW HITPOINT WARNING * * *
You are too confused!
You're too confused to cast spells.
Okay, then.
It was a potion of flight.
You feel more buoyant. Something hits you.
* * * LOW HITPOINT WARNING * * *
The orc priest hits you with a +0 flail!
You die...

#.# #.# #.# #.# ####
#.# #####... #.#
#.....# #.# #.....#####
#.# #.........#
.#######†####@...K.....
.......[†.....o.[.##)
######.....#####..#
##...## ..... ##.##
.##.... #.# .# ... #.#
.# ## #+## .. #...## ##


You could see an orc priest and a kobold.

Vanquished Creatures
  Menkaure (D:4)
  Blork the orc (D:4)
  2 iguanas (D:4)
  Ijyb (D:3)
  2 orc wizards
  2 worms (D:2)
  A dart slug (D:2)
  9 orcs
  2 endoplasms
  A giant cockroach (D:4)
  2 goblins
  6 hobgoblins
  12 jackals
  4 quokkas
  7 ball pythons
  4 bats
  4 frilled lizards
  2 kobolds
  2 rats
65 creatures vanquished.

Notes
Turn   | Place    | Note
-------+----------+-------------------------------------------
     0 | D:1      | Cheops the Deep Elf Conjurer began the quest for the Orb.
     0 | D:1      | Reached XP level 1. HP: 10/10 MP: 6/6
   272 | D:1      | Reached XP level 2. HP: 15/15 MP: 4/8
   663 | D:1      | Found Biasoini's Distillery.
   669 | D:1      | Bought a potion of degeneration for 10 gold pieces
   916 | D:2      | Noticed Sigmund
  1061 | D:2      | Reached skill level 5 in Conjurations
  1111 | D:2      | Found a faded altar of an unknown god.
  1127 | D:2      | Learned a level 2 spell: Searing Ray
  1309 | D:2      | Reached XP level 3. HP: 19/19 MP: 2/10
  1655 | D:2      | Learned a level 3 spell: Dazzling Flash
  1673 | D:3      | Noticed Ijyb
  1680 | D:3      | Killed Ijyb
  1683 | D:3      | Reached skill level 5 in Spellcasting
  1913 | D:3      | Reached skill level 1 in Hexes
  1951 | D:3      | Reached skill level 2 in Hexes
  1951 | D:3      | Reached XP level 4. HP: 17/24 MP: 4/13
  2086 | D:3      | Learned a level 4 spell: Fulminant Prism
  2322 | D:3      | Reached skill level 3 in Hexes
  2646 | D:4      | Noticed Menkaure
  2651 | D:4      | Reached XP level 5. HP: 28/28 MP: 10/14
  2654 | D:4      | Killed Menkaure
  2655 | D:4      | Reached skill level 5 in Hexes
  2828 | D:4      | Reached skill level 6 in Hexes
  2908 | D:4      | Reached XP level 6. HP: 32/32 MP: 12/15
  2984 | D:4      | Noticed Blork the orc
  2988 | D:4      | Killed Blork the orc
  2998 | D:4      | Reached skill level 7 in Hexes
  3103 | D:4      | Learned a level 4 spell: Iskenderun's Mystic Blast
  3121 | D:4      | Slain by an orc priest

Illustrated notes

Levels and vault maps discovered:
D:1:      dpeg_arrival_tiny_g, layout_loops_ring, serial_shops, shop
D:2:      minmay_evil_eye, layout_rooms, ebering_ecumenical_altar_webs,
          uniq_sigmund
D:3:      layout_rooms, uniq_ijyb
D:4:      layout_loops_corners, uniq_menkaure, uniq_blork_the_orc

Skill      XL: |  1  2  3  4  5  6 |
---------------+-------------------+-----
Conjurations   | 5 |  5.0
Spellcasting   | 4 5 |  5.0
Hexes          | 2 3 6 7 |  7.2
Dodging        | |  2.4
Stealth        | |  2.4

Action                     |  1- 3 |  4- 6 || total
---------------------------+-------+-------++-------
  Melee: Unarmed           |     4 |       ||     4
   Cast: Magic Dart        |    64 |    26 ||    90
         Searing Ray       |     5 |    12 ||    17
    Use: Potion            |       |     1 ||     1
 Armour: Robe              |     1 |     2 ||     3
  Dodge: Dodged            |    10 |     6 ||    16
  Block: Other             |     2 |     3 ||     5
